 Dungeon Crawl Stone Soup version 0.30-a0-368-g86fb4627a9 (webtiles) character file.

Game seed: 10226399633369889558

1456 avis the Cleaver (level 8, -13/74 HPs)
             Began as a Hill Orc Monk on Nov 18, 2022.
             Was a Believer of Beogh.
             Mangled by a two-headed ogre
             ... wielding a +0 giant club
              (18 damage)
             ... on level 6 of the Dungeon on Nov 19, 2022.
             The game lasted 00:24:52 (5580 turns).

avis the Cleaver (Hill Orc Monk)                    Turns: 5580, Time: 00:24:53

Health: -13/74     AC: 18    Str: 16    XL:     8   Next: 76%
Magic:  8/8        EV:  0    Int: 10    God:    Beogh [**....]
Gold:   330        SH:  7    Dex: 13    Spells: 7/7 levels left

rFire   + . .      SeeInvis +    b - +7 mace of Qeohih {drain, rPois rF+ Stlth+}
rCold   . . .      Faith    .    y - +0 kite shield
rNeg    . . .      Spirit   .    f - +0 crystal plate armour
rPois   +          Reflect  .    B - +0 helmet
rElec   .          Harm     .    (no cloak)
rCorr   .          Rampage  .    (no gloves)
Will    .....                    H - +0 pair of boots
Stlth   ..........               (no amulet)
HPRegen 0.32/turn                q - ring of see invisible
MPRegen 0.11/turn                w - ring of wizardry

@: no status effects
A: no striking features
a: Renounce Religion, Smiting


You were on level 6 of the Dungeon.
You worshipped Beogh.
Beogh was pleased with you.
You visited 1 branch of the dungeon, and saw 6 of its levels.

You collected 330 gold pieces.

Inventory:

Hand Weapons
 a - a +0 hand axe
 b - the +7 mace of Qeohih (weapon) {drain, rPois rF+ Stlth+}
   (You found it on level 2 of the Dungeon)

   A truly terrible weapon, it drains the life of any living foe it strikes.
   rF:        It protects you from fire.
   rPois:     It protects you from poison.
   Stlth:     It makes you more stealthy.
 l - a +0 sling
 u - a +0 sling
 A - a +2 short sword of venom
 C - a +6 shortbow
 G - a +1 trident of flaming
 J - a +0 spear
 K - a +0 trident
 L - a +0 war axe
 P - a +0 sling
Missiles
 I - 3 poisoned darts
 N - a boomerang (quivered)
Armour
 f - a +0 crystal plate armour (worn)
 p - a +0 robe
 y - a +0 kite shield (worn)
 B - a +0 helmet (worn)
 D - a +4 scale mail
 E - a +0 helmet
 F - a +0 chain mail
 H - a +0 pair of boots (worn)
 M - a +1 ring mail of cold resistance
Jewellery
 q - a ring of see invisible (left hand)
 w - a ring of wizardry (right hand)
Wands
 d - a wand of iceblast (20)
Scrolls
 h - a scroll of poison {unknown}
 i - 3 scrolls of enchant armour {unknown}
 k - 3 scrolls of teleportation {unknown}
 m - 3 scrolls of amnesia {unknown}
 n - a scroll of butterflies {unknown}
 o - 2 scrolls of enchant weapon {unknown}
 s - a scroll of vulnerability {unknown}
 x - 2 scrolls of fear {unknown}
 z - a scroll of silence {unknown}
 Q - a scroll of identify
Potions
 c - 2 potions of ambrosia
 e - 4 potions of curing
 g - 3 potions of lignification
 j - a potion of haste
 t - 2 potions of attraction
 v - 2 potions of brilliance
 O - a potion of degeneration {unknown}


   Skills:
 + Level 7.7 Fighting
 * Level 11.3 Axes
 + Level 2.9 Armour
 - Level 3.0 Dodging
 - Level 1.5 Stealth


You had 7 spell levels left.
You didn't know any spells.
Your spell library contained the following spells:

 Spells                   Type           Power      Damage    Failure   Level
 Sandblast                Erth           0%         2d4       100%        1
 Cigotuvi's Dreadful Rot  Necr/Pois/Air  0%         N/A       100%        2
 Passwall                 Tmut/Erth      0%         N/A       100%        2
 Poisonous Vapours        Pois/Air       0%         N/A       100%        2
 Mephitic Cloud           Conj/Pois/Air  0%         N/A       100%        3
 Stone Arrow              Conj/Erth      0%         3d7       100%        3
 Chain Lightning          Conj/Air       0%         N/A       100%        9
 Fire Storm               Conj/Fire      0%         5d1       100%        9
 Shatter                  Erth           0%         3d5*      100%        9


Dungeon Overview and Level Annotations

Branches:
Dungeon (6/15)
 Temple: D:4-7

Altars:
Ashenzari
Ru
Vehumet
Xom
Beogh

Shops:
D:6 :


Message History

The two-headed ogre is lightly wounded.
The two-headed ogre hits you with a +0 giant club! x2
You hit the two-headed ogre but do no damage.
The two-headed ogre is lightly wounded.
The two-headed ogre hits you but does no damage.
The two-headed ogre hits you with a +0 giant club!
You sock the two-headed ogre!
The two-headed ogre is moderately wounded.
You block the two-headed ogre's attack.
The two-headed ogre hits you with a +0 giant club!
You sock the two-headed ogre! You drain the two-headed ogre.
The two-headed ogre is heavily wounded.
You hit the two-headed ogre. You drain the two-headed ogre.
The two-headed ogre is severely wounded.
The two-headed ogre hits you with a +0 giant club!!
* * * LOW HITPOINT WARNING * * *
The two-headed ogre hits you but does no damage.
You feel much better.
The two-headed ogre hits you with a +0 giant club!
You block the two-headed ogre's attack.
You hit the two-headed ogre.
The two-headed ogre is severely wounded.
The two-headed ogre hits you with a +0 giant club!
* * * LOW HITPOINT WARNING * * *
The two-headed ogre hits you but does no damage.
You feel much better.
The two-headed ogre hits you with a +0 giant club!
* * * LOW HITPOINT WARNING * * *
The two-headed ogre hits you but does no damage.
You feel much better.
You completely miss the two-headed ogre.
The two-headed ogre is severely wounded.
The two-headed ogre hits you with a +0 giant club! x2
* * * LOW HITPOINT WARNING * * *
You hit the two-headed ogre.
The two-headed ogre is almost dead.
The two-headed ogre hits you with a +0 giant club!
* * * LOW HITPOINT WARNING * * *
The two-headed ogre hits you with a +0 giant club!!
You die...

###.....###..## #......
#.. ##.........# ##.....
.# # ##........# .... #
#.......## .... ##
##......# #.... .##
#......# #..... ..##
##.....######....#
...#####......##.....##
.....###........@O....#
..........#.....#......#
.........##....####.....
.......####....# ....
......## #....# #..
.....## ##...## . ....##
#....# #...### #....#
##....####....#


You could see a two-headed ogre (drained).

Vanquished Creatures
  Menkaure (D:6)
  Duvessa (D:4)
  An ogre (D:5)
  A phantom (D:3)
  The ghost of Morninglord the Covered, an amateur TeFi (D:4)
  A bullfrog (D:5)
  2 necrophages
  8 scorpions
  Dowan (D:4)
  2 orc priests
  A hound (D:6)
  2 jellies
  An iguana (D:5)
  5 adders
  2 white imps
  An ufetubus (D:3)
  A worm (D:2)
  2 dart slugs
  12 orcs
  6 bats
  7 endoplasms
  5 giant cockroaches
  5 goblins
  8 hobgoblins
  3 jackals (D:2)
  5 kobolds
  2 quokkas (D:1)
  11 ball pythons
  6 frilled lizards
  5 rats
109 creatures vanquished.

Vanquished Creatures (others)
  An orc priest (D:4)
  2 orcs (D:4)
  A plant (D:3)
4 creatures vanquished.

Grand Total: 113 creatures vanquished

Notes
Turn   | Place    | Note
-------+----------+-------------------------------------------
     0 | D:1      | avis the Hill Orc Monk began the quest for the Orb.
     0 | D:1      | Reached XP level 1. HP: 19/19 MP: 1/1
    44 | D:1      | Found a faded altar of an unknown god.
   146 | D:1      | Reached XP level 2. HP: 27/27 MP: 2/2
   578 | D:1      | Reached skill level 5 in Axes
   789 | D:2      | Reached XP level 3. HP: 33/33 MP: 3/3
   980 | D:2      | Identified the +7 mace of Qeohih {drain, rPois rF+ Stlth+}
  1215 | D:2      | Reached XP level 4. HP: 40/40 MP: 4/4
  1812 | D:3      | Reached skill level 6 in Axes
  2191 | D:4      | Noticed Duvessa
  2191 | D:4      | Noticed Dowan
  2191 | D:4      | Noticed a phantom
  2232 | D:3      | Killed a phantom
  2233 | D:3      | Reached XP level 5. HP: 38/47 MP: 5/5
  2386 | D:4      | Killed Duvessa
  2387 | D:4      | Reached skill level 5 in Fighting
  2387 | D:4      | Reached skill level 7 in Axes
  2387 | D:4      | Reached XP level 6. HP: 49/56 MP: 6/6
  2416 | D:4      | Killed Dowan
  2473 | D:4      | Found a broken altar of Ashenzari.
  2478 | D:4      | Reached skill level 8 in Axes
  2483 | D:4      | Found a shimmering altar of Xom.
  2528 | D:4      | Reached XP level 7. HP: 62/62 MP: 7/7
  2604 | D:4      | Found a runed translucent gate.
  2604 | D:4      | Found a runed translucent gate.
  2604 | D:4      | Noticed Morninglord's ghost (amateur TeFi)
  2605 | D:4      | Found a runed translucent gate.
  2607 | D:4      | Found a roughly hewn altar of Beogh.
  2629 | D:4      | Became a worshipper of Beogh the Brigand
  2629 | D:4      | Reached * piety under Beogh
  2629 | D:4      | Reached ** piety under Beogh
  2649 | D:4      | Killed Morninglord's ghost
  3144 | D:4      | Found a sacrificial altar of Ru.
  3676 | D:5      | Entered Level 5 of the Dungeon
  3787 | D:5      | Reached skill level 9 in Axes
  3960 | D:5      | Reached skill level 10 in Axes
  3960 | D:5      | Reached XP level 8. HP: 68/71 MP: 8/8
  3981 | D:5      | Found a radiant altar of Vehumet.
  4392 | D:5      | Reached skill level 1 in Armour
  5189 | D:6      | Noticed Menkaure
  5196 | D:6      | Killed Menkaure
  5197 | D:6      | Reached skill level 11 in Axes
  5338 | D:6      | Found Tire's Self-Improvement Boutique.
  5565 | D:6      | Noticed a two-headed ogre
  5580 | D:6      | Mangled by a two-headed ogre

Illustrated notes

Levels and vault maps discovered:
D:1:      minmay_arrival_checkered_box, layout_loops_ring,
          basic_ecumenical_altar
D:2:      layout_basic, minmay_pentomino_pile
D:3:      layout_basic, chequers_big_river
D:4:      layout_basic, general_overflow_altar, nicolae_overflow_squiral,
          biasface_ghost_orc_armoury, uniq_duvessa
D:5:      layout_basic, amcnicky_altar_gilded, chequers_avenue
D:6:      layout_layer_cave, lemuel_blue_sif_altar, nicolae_shop_self_help,
          uniq_menkaure

Skill      XL: |  1  2  3  4  5  6  7  8 |
---------------+-------------------------+-----
Fighting       | 4 5 6 7 |  7.7
Axes           | 5 6 7 8 10 11 | 11.3
Dodging        | 3 |  3.0
Armour         | 2 |  2.9
Stealth        | |  1.5

Action                   |  1- 3 |  4- 6 |  7- 9 || total
-------------------------+-------+-------+-------++-------
Melee: Hand axe          |    91 |       |       ||    91
       Mace              |    10 |    65 |   123 ||   198
       Punch             |     1 |       |       ||     1
Throw: Boomerang         |       |       |     7 ||     7
Invok: Convert to Beogh  |       |       |     1 ||     1
  Use: Scroll            |       |     5 |     1 ||     6
       Potion            |       |     1 |     5 ||     6
 Stab: Sleeping          |     1 |       |       ||     1
Armor: Robe              |    17 |       |       ||    17
       Crystal plate arm |    52 |    44 |   106 ||   202
Dodge: Dodged            |    46 |     3 |     4 ||    53
Block: Kite shield       |       |    14 |    40 ||    54

Table legend: (Time is in decaauts)
 A = Elapsed time spent in this place.
 B = Non-inter-level travel time spent in this place.
 C = Inter-level travel time spent in this place.
 D = Time resting spent in this place.
 E = Time spent auto-exploring this place.
 F = Levels seen in this place.
 G = Mean time per level.
                   A        B        C        D        E       F      G
               +--------+--------+--------+--------+--------+-----+--------+
         Total |   5667 |   5032 |    635 |    427 |   3168 |   6 |  944.5 |
       Dungeon |   5667 |   5032 |    635 |    427 |   3168 |   6 |  944.5 |
               +--------+--------+--------+--------+--------+-----+--------+

Top non-repeatable levels by time:
     D:4: 1558 daAuts
     D:5: 1315 daAuts
     D:3: 921 daAuts
     D:1: 819 daAuts
     D:2: 604 daAuts
     D:6: 448 daAuts
